 Dungeon Sprint DCSS version 0.32-a0-814-g0968bab981 (webtiles) character file.

Game seed: 4446778700330478264

117 BigDaddyOpFi the Trooper (level 5, 0/43 HPs)
             Began as a Coglin Fighter on Mar 22, 2024.
             Was a Priest of Qazlal.
             Killed from afar by an orc wizard (6 damage)
             ... with a magic dart
             ... in the Dungeon (Sprint VII: "The Pits").
             The game lasted 00:01:04 (172 turns).

BigDaddyOpFi the Trooper (Coglin Fighter)            Turns: 172, Time: 00:01:04

Health: 0/43       AC:  7    Str: 19    XL:     5   Next: 1%
Magic:  4/8        EV:  8    Int:  7    God:    Qazlal [***...]
Gold:   0          SH:  0    Dex: 13    Spells: 4/4 levels left

rFire   . . .        a - +0 war axe {Gustavo}
rCold   . . .        o - +2 hand axe {Khalidah}
rNeg    . . .        b - +0 scale mail
rPois   .            (no helmet)
rElec   .            (no cloak)
rCorr   .            (no gloves)
SInv    .            (no boots)
Will    .....        (amulet unavailable) Stlth
                     (ring unavailable)
HPRegen 0.27/turn    (ring unavailable)
MPRegen 0.11/turn    (no gizmo)

%: no teleportation
@: confused, mighty, revved
A: off-hand wielding, slow wielding, warmup strikes, no jewellery
a: Invent Gizmo, Renounce Religion, Upheaval, Elemental Force


You were in the Dungeon.
You worshipped Qazlal.
Qazlal was most pleased with you.
You visited 1 branch

Inventory:

Hand Weapons
 a - a +0 war axe (weapon) {Gustavo}
 o - a +2 hand axe (offhand) {Khalidah}
Armour
 b - a +0 scale mail (worn)
 c - a +0 buckler
Scrolls
 j - a scroll of blinking
 l - 2 scrolls of vulnerability
 m - 5 scrolls of amnesia
 n - a scroll of summoning
Potions
 e - a potion of curing
 f - a potion of heal wounds
 g - a potion of haste
 h - 4 potions of magic
 i - 3 potions of berserk rage
 k - 2 potions of invisibility


   Skills:
 + Level 4.9 Fighting
 + Level 4.3 Axes
 + Level 4.4 Armour
 + Level 3.6 Shields
 * Level 4.2 Invocations


You had 4 spell levels left.
You didn't know any spells.
Your spell library was empty.

Dungeon Overview and Level Annotations

Branches:
Dungeon (1/1)

Altars:
Ashenzari
Cheibriados
Dithmenos
Elyvilon
Fedhas
Gozag
Hepliaklqana
Kikubaaqudgha
Makhleb
Nemelex Xobeh
Okawaru
Qazlal
Ru
Sif Muna
Trog
Uskayaw
Vehumet
Wu Jian
Xom
Yredelemnul
Zin
The Shining One
Beogh
Jiyva
Lugonu


Innate Abilities, Weirdness & Mutations

You can wield a second weapon in your off-hand.
It takes a long time for you to wield or remove held weapons.
Your first few attacks do less damage.
You cannot equip rings or amulets.


Message History

Unknown command.
You feel less confused. Something hits you but does no damage.
You closely miss something with your +0 war axe.
You hit the orc with your +0 war axe.
You kill the orc!
Qazlal accepts your kill.
You hit the orc with your +0 war axe.
You miss something with your +2 hand axe.
You slash the orc with your +2 hand axe!
You kill the orc!
Qazlal accepts your kill. The orc barely misses you.
Something hits you but does no damage. The orc barely misses you.
You miss something with your +2 hand axe.
You closely miss something with your +0 war axe.
The orc hits you from afar with a +0 trident.
Something hits you.
Unknown command.
You hear some strange, mumbled words.
A puff of flame appears from out of thin air!
The puff of flame hits you!
* * * LOW HITPOINT WARNING * * *
You barely miss the orc with your +0 war axe.
You completely miss the orc with your +0 war axe.
You completely miss something with your +0 war axe.
You slash the orc with your +2 hand axe!
You kill the orc!
Qazlal accepts your kill.
You slash the orc with your +2 hand axe!
You kill the orc!
Qazlal accepts your kill.
You can now give life to nearby clouds.
You closely miss something with your +2 hand axe.
You hear some strange, mumbled words.
You are confused.
You have reached level 5!
You hear some strange, mumbled words.
A magic dart appears from out of thin air!
The magic dart hits you.
You die...

#..(.')))'.##......#..
##########.##.........
#...........'.........
#+#####'#####......#..
#.....# #.........
#...†.# ####'#####
###)### #.......#
#..{.)# #.......#
#..@.)# #.......#
####§## #...<...#
#........##.......#
#........##.......#
###########.......#
#########


There were no monsters in sight!

Vanquished Creatures
  An orc warrior (D)
  An adder (D)
  4 orcs (D)
  2 ball pythons (D)
  2 endoplasms (D)
  A goblin (D)
  A frilled lizard (D)
12 creatures vanquished.

Notes
Turn   | Place    | Note
-------+----------+-------------------------------------------
     0 | D        | BigDaddyOpFi the Coglin Fighter began the quest for the
                  | Orb.
     0 | D        | Reached XP level 1. HP: 18/18 MP: 1/1
    16 | D        | Found a bloodstained altar of Trog.
    16 | D        | Found a shimmering blue altar of Sif Muna.
    16 | D        | Found a viscous altar of Jiyva.
    16 | D        | Found a hazy altar of Hepliaklqana.
    16 | D        | Found an opulent altar of Gozag.
    17 | D        | Found a glowing golden altar of the Shining One.
    17 | D        | Found a glowing silver altar of Zin.
    17 | D        | Found a basalt altar of Yredelemnul.
    17 | D        | Found a shimmering altar of Xom.
    17 | D        | Found an ornate altar of the Wu Jian Council.
    17 | D        | Found a sacrificial altar of Ru.
    17 | D        | Found a stormy altar of Qazlal.
    17 | D        | Found an iron altar of Okawaru.
    17 | D        | Found a sparkling altar of Nemelex Xobeh.
    17 | D        | Found a burning altar of Makhleb.
    17 | D        | Found a blossoming altar of Fedhas.
    17 | D        | Found a white marble altar of Elyvilon.
    17 | D        | Found a shadowy altar of Dithmenos.
    17 | D        | Found a snail-covered altar of Cheibriados.
    19 | D        | Found a corrupted altar of Lugonu.
    19 | D        | Found a radiant altar of Vehumet.
    19 | D        | Found a roughly hewn altar of Beogh.
    20 | D        | Found an ancient bone altar of Kikubaaqudgha.
    20 | D        | Found a hide-covered altar of Uskayaw.
    20 | D        | Found a broken altar of Ashenzari.
    23 | D        | Became a worshipper of Qazlal Stormbringer
   106 | D        | Reached * piety under Qazlal
   107 | D        | Reached skill level 1 in Invocations
   107 | D        | Reached XP level 2. HP: 14/24 MP: 1/3
   152 | D        | Noticed an orc warrior
   162 | D        | Killed an orc warrior
   162 | D        | Reached ** piety under Qazlal
   163 | D        | Reached XP level 3. HP: 14/32 MP: 3/6
   163 | D        | Reached XP level 4. HP: 17/38 MP: 3/7
   171 | D        | Reached *** piety under Qazlal
   172 | D        | Reached XP level 5. HP: 6/43 MP: 4/8
   172 | D        | Killed from afar by an orc wizard

Illustrated notes

Levels and vault maps discovered:
D:        pitsprint [storerooms_1, entrance_room_1, metal_vault_3, armoury_2,
          mini_pit_1, grid_room_1, main_hall_1, silver_pit, the_coven_2,
          the_vestibule_1, steel_vault_1, golden_pit, hallway_of_sentries,
          crystal_vault_1, iron_vault_3, final_vault]

Skill      XL: |  1  2 |
---------------+-------+-----
Armour         | 3 4 |  4.4
Invocations    | 1 4 |  4.2
Fighting       | 4 |  4.9
Axes           | 4 |  4.3
Shields        | 3 |  3.6

Action                     |  1- 3 |  4- 6 || total
---------------------------+-------+-------++-------
  Melee: War axe           |    16 |     4 ||    20
         Hand axe          |    12 |     4 ||    16
    Use: Potion            |     1 |       ||     1
 Armour: Scale mail        |    10 |     9 ||    19
  Dodge: Dodged            |     9 |     2 ||    11
  Block: Buckler           |     1 |       ||     1

Table legend: (Time is in decaauts)
 A = Elapsed time spent in this place.
 B = Non-inter-level travel time spent in this place.
 C = Inter-level travel time spent in this place.
 D = Time resting spent in this place.
 E = Time spent auto-exploring this place.
 F = Levels seen in this place.
 G = Mean time per level.
                   A        B        C        D        E       F      G
               +--------+--------+--------+--------+--------+-----+--------+
         Total |    177 |    177 |      0 |     51 |      0 |   1 |  177.0 |
       Dungeon |    177 |    177 |      0 |     51 |      0 |   1 |  177.0 |
               +--------+--------+--------+--------+--------+-----+--------+

Top non-repeatable levels by time:
       D: 177 daAuts
